AoeStats
← CrazyBen

Arena

507093676Analyzed
4v4 RM · 15d ago on Sep 16, 2026· 58m 43s· 8 players
Game mode
Random Map
Map size
Large (8 player)
Population
200
Speed
Normal
Resources
Standard
Victory
Conquest
Starting age
Dark Age
Ending age
Imperial Age
RankedLock teamsTeams togetherTeam positionsShared explorationLock speedFull tech treeHidden civsTurbo modeCheats
Victory
Defeat
🇹🇷 Portuguese · Türkiye
1673
+11
🇮🇹 Teutons · Italy
1659
+12
🇲🇽 Jurchens · Mexico
1600
+14
🇨🇳 Bulgarians · China
1533
+17
1776
-21
🇨🇳 Italians · China
1615
-16
🇨🇳 Poles · China
1447
-9
🇫🇷 Japanese · France
1415
-8
UxCima
10:10 Feudal Age
10:50 Feudal Age
14:44 Castle Age
12:50 Double-Bit Axe
12:58 Horse Collar
16:15 Bow Saw
22:56 Wheelbarrow
25:39 Hand Cart
25:54 Bloodlines
25:45 Husbandry
25:47 Loom
27:43 Forging
30:25 Imperial Age
28:27 Light Cavalry
29:33 Scale Barding Armor
31:10 Iron Casting
30:46 Pikeman
31:27 Squires
32:42 Blast Furnace
33:18 Heavy Plow
32:59 Halberdier
33:41 Scale Mail Armor
34:49 Chain Mail Armor
37:31 Conscription
38:31 Chain Barding Armor
39:54 Plate Barding Armor
39:35 Fortified Bastions
39:37 Elite Iron Pagoda
40:58 Capped Ram
43:29 Fletching
45:30 Bodkin Arrow
47:48 Siege Ram
49:44 Two-Man Saw
49:31 Hoardings
49:49 Town Watch
50:56 Crop Rotation
50:16 Gold Mining
50:22 Light Cavalry
52:05 Siege Ram
54:03 Bracer
53:31 Hussar
54:24 Siege Engineers
54:40 Ballistics
54:34 Masonry
55:02 Bracer
56:50 Ballistics
56:54 Caravan
57:03 Arson
JavelinMen
9:20 Feudal Age
9:46 Double-Bit Axe
9:46 Horse Collar
17:24 Castle Age
17:29 Stone Mining
19:15 Bow Saw
23:24 Loom
34:42 Wheelbarrow
38:30 Hand Cart
40:42 Heavy Plow
41:45 Gold Mining
43:11 Stone Shaft Mining
46:48 Imperial Age
47:06 Caravan
47:24 Fletching
47:34 Padded Archer Armor
48:36 Chemistry
48:06 Conscription
47:38 Elite Skirmisher
48:23 Thumb Ring
48:15 Bodkin Arrow
48:35 Leather Archer Armor
48:42 Ballistics
49:31 Ring Archer Armor
49:01 Bracer
50:22 Two-Man Saw
49:53 Crop Rotation
49:56 Arquebus
54:23 Bombard Tower
55:31 Crossbowman
58:15 Arbalester
Capt. Eadk'an
10:43 Feudal Age
14:21 Castle Age
12:20 Double-Bit Axe
12:33 Horse Collar
15:27 Bow Saw
15:17 Heavy Plow
19:04 Wheelbarrow
21:43 Hand Cart
21:40 Stone Mining
21:46 Gold Mining
22:28 Town Watch
22:29 Loom
27:23 Imperial Age
25:46 Stone Shaft Mining
26:01 Scale Mail Armor
26:11 Forging
26:43 Chain Mail Armor
27:01 Masonry
27:29 Iron Casting
29:06 Chemistry
28:38 Plate Mail Armor
29:08 Blast Furnace
28:27 Heavy Scorpion
29:36 Conscription
29:52 Fletching
30:27 Bodkin Arrow
31:29 Ironclad
31:34 Ballistics
32:22 Siege Engineers
33:28 Fortified Wall
36:14 Elite Teutonic Knight
39:47 Crenellations
40:03 Hoardings
45:09 Two-Man Saw
44:40 Crop Rotation
45:59 Onager
51:14 Arson
51:30 Squires
51:17 Arson
51:18 Gambesons
50:53 Man-at-Arms
50:53 Pikeman
52:22 Capped Ram
52:55 Siege Onager
53:05 Halberdier
Long-Long-Way
11:00 Feudal Age
14:43 Castle Age
13:51 Loom
15:40 Double-Bit Axe
16:10 Town Watch
19:14 Fletching
20:32 Scale Barding Armor
22:40 Bodkin Arrow
32:11 Horse Collar
37:22 Wheelbarrow
37:43 Gold Mining
42:16 Imperial Age
41:12 Chain Barding Armor
41:03 Forging
42:01 Hand Cart
43:08 Iron Casting
42:46 Bloodlines
42:37 Husbandry
42:40 Stirrups
42:59 Elite Konnik
44:03 Conscription
43:56 Stone Mining
44:41 Gold Shaft Mining
45:35 Plate Barding Armor
46:01 Blast Furnace
45:24 Bracer
46:30 Chemistry
45:42 Masonry
47:24 Padded Archer Armor
48:58 Coinage
50:36 Banking
51:47 Capped Ram
52:55 Siege Ram
58:19 Light Cavalry
CrazyBen
10:43 Feudal Age
11:44 Double-Bit Axe
14:45 Castle Age
12:52 Horse Collar
15:35 Bow Saw
15:27 Heavy Plow
22:50 Wheelbarrow
22:37 Stone Mining
23:16 Loom
23:28 Gold Mining
25:09 Pikeman
26:02 Squires
26:04 Scale Mail Armor
28:36 Imperial Age
26:08 Gambesons
25:43 Man-at-Arms
26:52 Hand Cart
26:57 Guard Tower
27:28 Ballistics
27:38 Chain Mail Armor
27:32 Long Swordsman
28:53 Guard Tower
29:16 Forging
28:59 Fletching
28:39 Two-Handed Swordsman
29:06 Arson
31:44 Plate Mail Armor
31:10 Bodkin Arrow
31:50 Champion
40:26 Chemistry
39:59 Padded Archer Armor
46:19 Coinage
50:51 Yasama
trói em vào cột điện
9:48 Feudal Age
13:21 Castle Age
11:45 Double-Bit Axe
11:51 Horse Collar
21:11 Loom
38:05 Wheelbarrow
37:41 Bow Saw
46:03 Hand Cart
46:09 Caravan
57:18 Bloodlines
57:09 Husbandry
56:29 Light Cavalry
seabed
10:05 Feudal Age
13:51 Castle Age
11:49 Double-Bit Axe
12:17 Horse Collar
20:50 Bow Saw
21:09 Heavy Plow
21:58 Wheelbarrow
22:08 Gold Mining
23:11 Hand Cart
24:50 Stone Mining
27:53 Imperial Age
25:29 Loom
26:33 Scale Barding Armor
27:13 Forging
27:23 Husbandry
27:34 Bloodlines
27:56 Chain Barding Armor
28:17 Stone Shaft Mining
28:50 Coinage
29:16 Iron Casting
28:03 Cavalier
29:10 Szlachta Privileges
30:29 Hoardings
30:17 Conscription
31:32 Blast Furnace
30:25 Fletching
32:27 Scale Mail Armor
32:22 Bodkin Arrow
32:41 Elite Obuch
33:38 Chain Mail Armor
34:22 Bracer
34:04 Crossbowman
35:00 Arbalester
35:46 Padded Archer Armor
37:03 Thumb Ring
36:48 Light Cavalry
38:52 Leather Archer Armor
39:08 Plate Mail Armor
40:49 Chemistry
40:11 Ballistics
39:32 Treadmill Crane
40:33 Squires
40:19 Arson
43:17 Winged Hussar
45:07 Hoardings
45:02 Masonry
45:27 Crop Rotation
45:42 Lechitic Legacy
49:06 Hoardings
精锐 N B
10:16 Feudal Age
14:37 Castle Age
11:59 Man-at-Arms
12:44 Double-Bit Axe
13:54 Horse Collar
16:21 Bow Saw
16:37 Long Swordsman
19:11 Scale Mail Armor
21:22 Chain Mail Armor
23:37 Forging
24:23 Squires
27:55 Iron Casting
30:34 Wheelbarrow
32:07 Heavy Plow
32:59 Gold Mining
36:11 Hand Cart
39:15 Imperial Age
37:51 Stone Mining
37:43 Treadmill Crane
39:03 Thumb Ring
39:01 Padded Archer Armor
39:53 Ballistics
40:57 Chemistry
40:59 Leather Archer Armor
41:35 Fortified Wall
42:21 Ring Archer Armor
43:34 Pirotechnia
43:46 Fletching
44:58 Blast Furnace
44:55 Plate Mail Armor
44:30 Two-Handed Swordsman
46:14 Conscription
46:17 Silk Road
45:22 Pikeman
45:47 Arson
45:31 Champion
45:59 Arson
48:06 Town Watch
48:07 Loom
49:54 Stone Shaft Mining
49:57 Town Patrol
51:51 Scale Barding Armor
52:16 Light Cavalry
53:06 Bloodlines
52:56 Husbandry
53:59 Chain Barding Armor
57:17 Ballistics
56:59 Hussar
57:08 Pikeman
58:08 Elite Skirmisher
Connection lost

Rejoining the realm…

Still unreachable

The connection could not be restored.

Session expired

The server has moved on; the page needs a fresh start.